 Dungeon Crawl Stone Soup version 0.29.1-2-gbd0b4ee654 (webtiles) character file.

Game seed: 9696883912279913624

291193 Lutefisk the Cloud Mage (level 20, -2/122 HPs)
             Began as a Tengu Air Elementalist on Nov 23, 2022.
             Was a High Priest of Sif Muna.
             Killed from afar by an ironbound frostheart (31 damage)
             ... by creeping frost
             ... on level 2 of the Vaults on Nov 24, 2022.
             The game lasted 04:27:14 (29923 turns).

Lutefisk the Cloud Mage (Tengu Air Elementalist)   Turns: 29923, Time: 04:27:14

Health: -2/122     AC: 15    Str:  9    XL:     20   Next: 76%
Magic:  12/40      EV: 22    Int: 21    God:    Sif Muna [*****.]
Gold:   2208       SH: 18    Dex: 21    Spells: 8/49 levels left

rFire   + . .      SeeInvis .   M - staff of air
rCold   + . .      Faith    +   B - +5 kite shield {reflect}
rNeg    . . .      Spirit   .   D - +0 swamp dragon scales
rPois   +          Reflect  +   j - +0 hat {Stlth+}
rElec   +          Harm     .   A - +0 cloak {Will+}
rCorr   .          Rampage  .   g - +2 pair of gloves {Dex+3}
Will    ++...                   (boots unavailable)
Stlth   +++.......              N - amulet of faith
HPRegen 0.30/turn               Q - ring of protection from fire
MPRegen 0.27/turn               Z - ring of protection from cold

@: about to teleport, flying quickly and evasively, studying Axes, quick
A: beak, talons 3, nimble flight
}: 2/15 runes: serpentine, barnacled
a: Renounce Religion, Channel Magic, Forget Spell, Divine Exegesis


You were on level 2 of the Vaults.
You worshipped Sif Muna.
Sif Muna was extremely pleased with you.
You visited 8 branches of the dungeon, and saw 36 of its levels.
You also visited: Ossuary, Bailey and Ice Cave.

You collected 3414 gold pieces.
You spent 1206 gold pieces at shops.

Inventory:

Armour
 g - a +2 pair of gloves of dexterity (worn)
 j - a +0 hat of stealth (worn)
 r - a scarf of repulsion
 A - a +0 cloak of willpower (worn)
 B - a +5 kite shield of reflection (worn)
 D - +0 swamp dragon scales (worn)
Magical Staves
 M - a staff of air (weapon)
Jewellery
 a - a ring of positive energy
 C - the amulet of the Four Winds {rN+ Will+++ Clar}
   (You took it off a deep elf high priest on level 3 of the Elven Halls)

   [amulet of nothing]

   rN:        It protects you from negative energy.
   Clar:      It protects you against confusion.
   Will:      It greatly increases your willpower.
 N - an amulet of faith (around neck)
 O - an amulet of reflection
 Q - a ring of protection from fire (left hand)
 S - a +6 ring of dexterity
 W - a +4 ring of protection
 X - a ring of willpower
 Z - a ring of protection from cold (right hand)
Wands
 c - a wand of polymorph (15)
 e - a wand of flame (13)
 v - a wand of digging (22)
 T - a wand of paralysis (9)
 U - a wand of mindburst (15)
 Y - a wand of iceblast (11)
Scrolls
 f - 3 scrolls of blinking
 h - 15 scrolls of teleportation
 m - 2 scrolls of enchant armour
 o - a scroll of summoning
 q - 2 scrolls of vulnerability
 s - 13 scrolls of immolation
 t - 11 scrolls of enchant weapon
 u - 4 scrolls of poison
 w - a scroll of silence
 y - 3 scrolls of fear
 z - 5 scrolls of amnesia
 H - 2 scrolls of brand weapon
 J - 4 scrolls of magic mapping
Potions
 b - 7 potions of magic
 d - 7 potions of brilliance
 i - 8 potions of lignification
 k - 2 potions of berserk rage
 l - 5 potions of resistance
 n - 11 potions of attraction
 p - 10 potions of curing
 x - 8 potions of mutation
 E - 8 potions of haste
 F - 10 potions of cancellation
 G - 8 potions of invisibility
 I - a potion of heal wounds
 K - 9 potions of might
Miscellaneous
 L - a condenser vane
 P - a phantom mirror
 R - a phial of floods
 V - a tin of tremorstones (2/2)


   Skills:
 - Level 12.0 Fighting
 - Level 6.0 Staves
 - Level 1.0 Throwing
 - Level 12.0 Armour
 - Level 15.0 Dodging
 - Level 4.0 Stealth
 - Level 10.0 Shields
 - Level 15.0 Spellcasting
 * Level 17.4 Conjurations
 - Level 2.0 Summonings
 - Level 22.0 Air Magic
 - Level 8.0 Invocations
 - Level 5.0 Evocations


You had 8 spell levels left.
You knew the following spells:

 Your Spells              Type           Power      Damage    Failure   Level
a - Shock                 Conj/Air       100%       1d9       0%          1
b - Static Discharge      Conj/Air       99%        3-16/arc  0%          2
c - Swiftness             Air            100%       N/A       0%          3
d - Airstrike             Air            52%        2d(8-24)  1%          4
e - Mephitic Cloud        Conj/Pois/Air  82%        N/A       1%          3
f - Summon Lightning Spi  Summ/Air       78%        N/A       1%          4
g - Lightning Bolt        Conj/Air       49%        1d70      1%          5
h - Conjure Ball Lightni  Conj/Air       49%        3x3d17    1%          6
i - Iskenderun's Battles  Conj           73%        2d12      1%          5
j - Maxwell's Capacitive  Air            52%        ∞         14%         8

Your spell library contained the following spells:

 Spells                   Type           Power      Damage    Failure   Level
 Foxfire                  Conj/Fire      100%       2x1d9     1%          1
 Poisonous Vapours        Pois/Air       100%       N/A       1%          2
 Conjure Flame            Conj/Fire      51%        6-21      1%          3
 Dazzling Flash           Conj/Hex       100%       N/A       1%          3
 Stone Arrow              Conj/Erth      100%       3d13      1%          3
 Freezing Cloud           Conj/Ice/Air   41%        6-21      2%          5
 Flame Wave               Conj/Fire      51%        2d13      5%          4
 Fulminant Prism          Conj/Hex       25%        3d14      5%          4
 Hailstorm                Conj/Ice       51%        3d11      5%          4
 Iskenderun's Mystic Bla  Conj/Tloc      51%        2d11      5%          4
 Sticky Flame             Conj/Fire      51%        2d7       5%          4
 Silence                  Hex/Air        37%        N/A       5%          5
 Summon Small Mammal      Summ           96%        N/A       9%          1
 Corpse Rot               Necr/Pois/Air  63%        N/A       10%         4
 Orb of Destruction       Conj           36%        9d11      12%         7
 Fireball                 Conj/Fire      25%        3d11      14%         5
 Apportation              Tloc           30%        N/A       19%         1
 Beastly Appendage        Tmut           30%        N/A       19%         1
 Freeze                   Ice            60%        1d8       19%         1
 Slow                     Hex            60%        N/A       19%         1
 Sting                    Tmut/Pois      60%        1d6       19%         1
 Call Canine Familiar     Summ           24%        N/A       24%         3
 Ensorcelled Hibernation  Hex/Ice        30%        N/A       28%         2
 Wereblood                Tmut           15%        N/A       28%         2
 Summon Guardian Golem    Hex/Summ       19%        N/A       36%         3
 Confusing Touch          Hex            15%        N/A       50%         3
 Frozen Ramparts          Ice            30%        1d5       50%         3
 Gell's Gravitas          Tloc           15%        N/A       50%         3
 Ignite Poison            Fire/Tmut/Pois 15%        N/A       50%         3
 Inner Flame              Hex/Fire       15%        N/A       50%         3
 Lesser Beckoning         Tloc           15%        N/A       50%         3
 Portal Projectile        Hex/Tloc       30%        N/A       50%         3
 Spider Form              Tmut/Pois      15%        N/A       50%         3
 Teleport Other           Tloc           15%        N/A       50%         3
 Tukima's Dance           Hex            15%        N/A       50%         3
 Iron Shot                Conj/Erth      25%        9d5       63%         6
 Starburst                Conj/Fire      25%        6d8       63%         6
 Animate Armour           Summ/Erth      38%        N/A       77%         4
 Summon Ice Beast         Ice/Summ       19%        N/A       77%         4
 Storm Form               Tmut/Air       37%        N/A       86%         7
 Anguish                  Hex/Necr       7%         N/A       88%         4
 Animate Dead             Necr           15%        N/A       88%         4
 Cause Fear               Hex            7%         N/A       88%         4
 Dispel Undead            Necr           15%        3d10      88%         4
 Ice Form                 Ice/Tmut       15%        N/A       88%         4
 Leda's Liquefaction      Hex/Erth       7%         N/A       88%         4
 Olgreb's Toxic Radiance  Pois           15%        N/A       88%         4
 Passage of Golubria      Tloc           15%        N/A       88%         4
 Petrify                  Tmut/Erth      15%        N/A       88%         4
 Spellforged Servitor     Conj/Summ      27%        N/A       96%         7
 Summon Forest            Summ/Tloc      9%         N/A       98%         5
 Agony                    Necr           15%        N/A       99%         5
 Alistair's Intoxication  Tmut/Pois      10%        N/A       99%         5
 Blade Hands              Tmut           7%         N/A       99%         5
 Lee's Rapid Deconstruct  Erth           7%         3d8*      99%         5
 Metabolic Englaciation   Hex/Ice        7%         N/A       99%         5
 Yara's Violent Unravell  Hex/Tmut       7%         3d5       99%         5
 Death Channel            Necr           7%         N/A       100%        6
 Eringya's Noxious Bog    Tmut/Pois      7%         N/A       100%        6
 Simulacrum               Ice/Necr       7%         N/A       100%        6
 Statue Form              Tmut/Erth      10%        N/A       100%        6
 Summon Cactus Giant      Summ           12%        N/A       100%        6
 Enfeeble                 Hex            7%         N/A       100%        7
 Malign Gateway           Summ/Tloc      9%         N/A       100%        7
 Ozocubu's Refrigeration  Ice            7%         4d9       100%        7
 Summon Hydra             Summ           12%        N/A       100%        7
 Borgnjor's Revivificati  Necr           7%         N/A       100%        8
 Discord                  Hex            7%         N/A       100%        8
 Ignition                 Fire           7%         3d5       100%        8
 Lehudib's Crystal Spear  Conj/Erth      25%        10d7      100%        8
 Necromutation            Tmut/Necr      7%         N/A       100%        8
 Chain Lightning          Conj/Air       49%        3d66      99%         9
 Death's Door             Necr           7%         N/A       100%        9
 Fire Storm               Conj/Fire      25%        8d7       100%        9


Dungeon Overview and Level Annotations

Branches:
Dungeon (15/15)            Temple (1/1) D:5            Lair (5/5) D:8
 Shoals (4/4) Lair:3        Snake (4/4) Lair:3        Slime (0/5) Lair:4
    Orc (2/2) D:12            Elf (3/3) Orc:2        Vaults (2/5) D:13
  Crypt (0/3) Vaults:2     Depths (0/4) D:15        Ossuary (visited)
 Bailey (visited)           IceCv (visited)

Altars:
Ashenzari
Cheibriados
Dithmenos
Gozag
Hepliaklqana
Kikubaaqudgha
Makhleb
Nemelex Xobeh
Okawaru
Qazlal
Ru
Sif Muna
Trog
Uskayaw
Vehumet
Wu Jian
Xom
Yredelemnul
The Shining One
Jiyva

Shops:
D:10 =   Orc:2 ??[=   Elf:1 (   Shoals:3 [   Shoals:4 (   Snake:2 =*

Annotations:
D:3 Grinder, Natasha
D:10 Nergalle
Temple 2 transporters
Lair:1 1 runed translucent door, Kazon's ghost, journeyman DsBe
Lair:4 1 runed translucent door, Kuerar's ghost, journeyman BaFi
Shoals:2 Roxanne
Shoals:4 Donald; Polyphemus
Snake:3 Bai Suzhen
Elf:1 1 runed translucent door, Heg Cuhi's ghost, adept MiFi
Elf:3 Louise


Innate Abilities, Weirdness & Mutations

You have a beak for a mouth.
You have claws for feet.
Your magical nature lets you fly swiftly and evasively.


Message History

The centaur warrior closely misses you. You block the centaur warrior's attack.
You hit the centaur warrior.
The centaur warrior is electrocuted!!
You kill the centaur warrior!
Sif Muna accepts your kill.
Things that are here:
a +0 shortbow; a centaur corpse
Found a stone staircase leading down.
An ironbound frostheart comes into view.
The ironbound frostheart touches you. The ironbound frostheart freezes you!
You resist.
Casting: Shock (safe; 0% risk of failure)
Confirm with . or Enter, or press ? or * to list all spells.
You feel a surge of power!
You begin accumulating electric charge. (Press . to continue charging.)
You feel charge building up...
You block the ironbound frostheart's attack.
You feel charge building up...
The ironbound frostheart calls freezing cold from the walls.
The frost grips you!! You partially resist.
* * * LOW HITPOINT WARNING * * *
You are encased in ice.
Unknown command.
You feel much better.
The insufficient charge dissipates harmlessly.
The ironbound frostheart touches you! The ironbound frostheart freezes you!
You resist.
* * * LOW HITPOINT WARNING * * *
Okay, then.
Okay, then.
Unknown command.
You feel much better.
The ironbound frostheart calls freezing cold from the walls.
The frost grips you! You partially resist.
* * * LOW HITPOINT WARNING * * *
As you read the scroll of teleportation, it crumbles to dust.
You feel strangely unstable. The ice encasing you melts away.
The ironbound frostheart calls freezing cold from the walls.
The frost grips you!! You partially resist.
You die...

##### #### ...
####
#..####.####..#
#.....#)#.....#
##.##.....##.##
#.###...###.#
#..###.###..# #
#.##..#####..##.#
#..p@.># #......#
#.##..#####..##.#
# ..###.###..# #
#.###.).###.#
##.##..)..##.##
#.....#.#...)8#
#..####.####..#
####.......####
###'#########


You could see an ironbound frostheart.

Vanquished Creatures
  Nikola (Shoals:2)
  A bone dragon (Vaults:2)
  A deep elf blademaster (Elf:3)
  2 deep elf master archers (Elf:3)
  Gastronok (Lair:2)
  Kirke (Shoals:1)
  5 nagarajas
  A vault warden (Vaults:1)
  2 deep elf sorcerers (Elf:3)
  4 deep elf elementalists
  9 ironbound preservers
  2 ironbound thunderhulks
  4 deep elf demonologists
  2 deep elf annihilators
  3 dire elephants (Vaults:2)
  An entropy weaver (Vaults:1)
  3 deep elf death magi (Elf:3)
  3 merfolk javelineers (Shoals:4)
  3 merfolk impalers
  A deep elf high priest (Elf:3)
  3 great orbs of eyes
  Fannar (D:12)
  5 hydras
  3 vault guards (Vaults:1)
  4 boulder beetles
  8 anacondas
  2 catoblepae
  2 merfolk avatars
  4 ironbound frosthearts (Vaults:2)
  A death knight (D:13)
  2 two-headed ogres
  13 centaur warriors
  7 merfolk aquamancers
  13 dancing weapons
  5 naga warriors
  3 orc high priests (Orc:2)
  A satyr (Shoals:2)
  2 death yaks
  2 shock serpents
  3 tengu warriors
  9 naga sharpshooters
  2 salamander mystics
  A goliath frog (Lair:5)
  A skeletal warrior (D:13)
  8 deep elf knights
  18 sea snakes
  4 naga ritualists
  6 ironbound convokers
  16 deep trolls
  10 deep elf archers
  16 harpies
  4 wizards
  A harpy (shapeshifter) (D:13)
  4 orc knights
  A phantasmal warrior (D:13)
  2 necromancers (D:15)
  18 ugly things
  10 deep elf zephyrmancers
  17 deep elf pyromancers
  10 mana vipers
  4 orc sorcerers (Orc:2)
  5 cyclopes
  8 salamanders
  An oklob plant (Lair:3)
  3 fauns (Shoals:1)
  6 manticores
  4 guardian serpents
  3 merfolk sirens
  A water nymph (shapeshifter) (D:15)
  3 elephants (Lair:5)
  6 naga magi
  4 vault sentinels (Vaults:1)
  34 black mambas
  4 gargoyles
  21 cane toads
  3 torpor snails
  3 rime drakes
  7 yaktaurs
  9 komodo dragons
  A kobold demonologist (D:10)
  Psyche (D:8)
  Maggie (D:9)
  2 ice devils (Lair:3)
  2 tengu conjurers
  3 tyrant leeches (Lair:5)
  14 merfolk
  A polar bear (Lair:2)
  6 wind drakes
  4 trolls
  13 blink frogs (Lair:5)
  Prince Ribbit (D:9)
  6 slime creatures
  3 snapping turtles (Shoals:2)
  10 water elementals
  4 air elementals
  2 wraiths
  4 wyverns
  A hog (Shoals:1)
  45 yaks
  Grum (D:8)
  2 basilisks (Lair:5)
  4 steam dragons
  2 fire elementals
  4 redbacks (Elf:3)
  2 wargs
  17 vampire mosquitoes
  10 nagas
  3 acid dragons
  10 water moccasins
  An ice beast (D:7)
  13 orc warriors
  2 black bears (Lair:2)
  A black bear (shapeshifter) (D:13)
  4 ogres
  3 boggarts (Vaults:1)
  11 wolves
  12 centaurs
  A phantom (D:5)
  20 kobold brigands
  2 earth elementals (Elf:2)
  2 necrophages
  17 bullfrogs
  3 scorpions
  9 wights
  7 howler monkeys
  A human zombie (Ossuary)
  A centaur zombie (Ossuary)
  15 jellies
  15 orc priests
  2 hounds (D:5)
  A gnoll bouda (D:9)
  3 iguanas
  15 orc wizards
  6 hell rats (Lair:5)
  A polar bear simulacrum (IceCv)
  2 wolf simulacra (IceCv)
  3 mummies (Ossuary)
  8 adders
  13 gnolls
  An ufetubus (D:5)
  4 dart slugs
  47 orcs
  4 bats
  4 endoplasms
  A giant cockroach (D:3)
  A gnoll zombie (Ossuary)
  10 goblins
  5 hobgoblins
  5 quokkas
  13 ball pythons
  2 frilled lizards
  2 hobgoblin zombies (Ossuary)
  15 kobolds
  2 kobold zombies (Ossuary)
  An orc zombie (Ossuary)
  4 rats
  A rat zombie (D:8)
916 creatures vanquished.

Vanquished Creatures (collateral kills)
  Rupert (D:13)
  A deep elf blademaster (Elf:3)
  A frost giant (Shoals:4)
  6 nagarajas
  A deep elf sorcerer (Elf:3)
  An ironbound preserver (Vaults:1)
  An ironbound thunderhulk (Vaults:2)
  2 deep elf demonologists (Elf:3)
  A deep elf annihilator (Elf:3)
  A dire elephant (Vaults:2)
  5 deep elf death magi (Elf:3)
  An ettin (D:15)
  4 merfolk impalers
  2 great orbs of eyes
  A salamander tyrant (Snake:4)
  A vault guard (Vaults:1)
  A centaur warrior (D:14)
  An ironbound frostheart (Vaults:2)
  A merfolk avatar (Shoals:2)
  An alligator snapping turtle (Shoals:4)
  6 naga warriors
  A two-headed ogre (D:13)
  2 tengu warriors (D:14)
  7 deep elf knights
  3 naga sharpshooters
  8 deep trolls
  7 sea snakes
  4 naga ritualists
  5 deep elf pyromancers
  3 harpies (Shoals:2)
  4 deep elf archers
  3 deep elf zephyrmancers
  4 mana vipers (Snake:1)
  An orc knight (Orc:2)
  5 slime creatures
  2 cyclopes
  2 salamanders
  4 ugly things
  2 vault sentinels
  5 black mambas
  3 guardian serpents
  4 naga magi
  2 yaktaurs (Vaults:1)
  2 efreet
  2 tengu conjurers
  A polar bear (Lair:5)
  3 merfolk
  5 snapping turtles
  2 dream sheep (Shoals:2)
  A basilisk (D:15)
  4 hogs (Shoals:1)
  A wraith (D:14)
  4 redbacks (Elf:3)
  6 nagas
  A water moccasin (Lair:5)
  An orc warrior (Orc:2)
  A centaur (D:14)
  A bullfrog (Lair:5)
  A hell rat (Lair:5)
157 creatures vanquished.

Vanquished Creatures (others)
  2 deep elf knights
  2 deep elf pyromancers (Elf:1)
  38 ball lightnings
  54 fungi
  199 plants
295 creatures vanquished.

Grand Total: 1368 creatures vanquished

Notes
Turn   | Place    | Note
-------+----------+-------------------------------------------
     0 | D:1      | Lutefisk the Tengu Air Elementalist began the quest for the
                  | Orb.
     0 | D:1      | Reached XP level 1. HP: 10/10 MP: 4/4
   133 | D:1      | Reached skill level 1 in Fighting
   172 | D:1      | Reached XP level 2. HP: 16/16 MP: 3/6
   406 | D:2      | Reached XP level 3. HP: 20/22 MP: 5/7
   600 | D:2      | Reached XP level 4. HP: 16/28 MP: 4/8
   834 | D:3      | Reached skill level 5 in Air Magic
   835 | D:3      | Gained mutation: Your magical nature lets you fly swiftly
                  | and evasively. [Tengu growth]
   835 | D:3      | Reached XP level 5. HP: 17/32 MP: 7/9
   844 | D:3      | Noticed Natasha
   859 | D:4      | Learned a level 3 spell: Swiftness
   862 | D:4      | Learned a level 2 spell: Static Discharge
   951 | D:4      | Reached skill level 1 in Armour
   951 | D:4      | Reached skill level 6 in Air Magic
  1189 | D:3      | Noticed Grinder
  1191 | D:3      | Paralysed by Grinder for 2 turns
  1270 | D:3      | Reached skill level 1 in Evocations
  1517 | D:4      | Got the Dissertation on the Geological Throng
  1622 | D:5      | Entered Level 5 of the Dungeon
  1636 | D:5      | Reached XP level 6. HP: 35/38 MP: 1/10
  1842 | D:5      | Reached XP level 7. HP: 23/44 MP: 3/12
  1904 | D:5      | Reached skill level 5 in Fighting
  2106 | D:5      | Learned a level 4 spell: Airstrike
  2134 | D:5      | Found a staircase to the Ecumenical Temple.
  2146 | Temple   | Entered the Ecumenical Temple
  2146 | Temple   | Found a transporter.
  2146 | Temple   | Found a transporter.
  2148 | Temple   | Found a transporter.
  2148 | Temple   | Found a transporter.
  2160 | Temple   | Became a worshipper of Sif Muna the Loreminder
  2341 | D:6      | Reached skill level 7 in Air Magic
  2421 | D:6      | Reached skill level 8 in Air Magic
  2421 | D:6      | Reached XP level 8. HP: 37/49 MP: 13/13
  2784 | D:8      | Found a shimmering altar of Xom.
  2792 | D:8      | Noticed a cyclops
  2869 | D:8      | Noticed Psyche
  2875 | D:8      | Killed Psyche
  2876 | D:8      | Reached skill level 5 in Spellcasting
  2876 | D:8      | Reached skill level 5 in Dodging
  2895 | D:8      | Found a staircase to the Lair.
  2896 | D:8      | Noticed a komodo dragon
  2922 | D:8      | Reached skill level 5 in Conjurations
  3007 | D:8      | Noticed a wyvern
  3013 | D:8      | Killed a wyvern
  3014 | D:8      | Reached XP level 9. HP: 37/55 MP: 1/17
  3037 | D:8      | Found a sand-covered staircase.
  3046 | Ossuary  | Entered an ossuary
  3173 | Ossuary  | Reached * piety under Sif Muna
  3302 | D:7      | Found a flagged portal.
  3311 | Bailey   | Entered a bailey
  3460 | Bailey   | Noticed an orc knight
  3492 | Bailey   | Killed an orc knight
  3711 | D:7      | Reached ** piety under Sif Muna
  3868 | Lair:1   | Entered Level 1 of the Lair of Beasts
  3870 | Lair:1   | Noticed a torpor snail
  3874 | Lair:1   | Killed a torpor snail
  3875 | Lair:1   | Reached skill level 5 in Evocations
  3875 | Lair:1   | Reached XP level 10. HP: 60/60 MP: 2/20
  3886 | Lair:1   | Reached skill level 9 in Air Magic
  3939 | Lair:1   | Reached skill level 10 in Air Magic
  3941 | Lair:1   | Noticed a cane toad
  4024 | Lair:1   | Killed a cane toad
  4025 | Lair:1   | Reached skill level 1 in Invocations
  4116 | Lair:1   | Noticed a cane toad
  4119 | Lair:1   | Killed a cane toad
  4142 | Lair:1   | Noticed a cane toad
  4152 | Lair:1   | Killed a cane toad
  4208 | Lair:1   | Noticed a cane toad
  4228 | Lair:1   | Killed a cane toad
  4232 | Lair:1   | Noticed a boulder beetle
  4562 | Lair:1   | Noticed a cane toad
  4591 | Lair:1   | Killed a cane toad
  4660 | Lair:2   | Reached skill level 5 in Invocations
  4660 | Lair:2   | Reached XP level 11. HP: 32/67 MP: 5/22
  4690 | Lair:2   | Noticed Gastronok
  4724 | Lair:1   | Found a runed translucent door.
  4725 | Lair:1   | Found a shimmering altar of Xom.
  4725 | Lair:1   | Noticed Kazon's ghost (journeyman DsBe)
  4725 | Lair:1   | Noticed a +1 war axe of chaos
  4987 | Lair:1   | Killed a boulder beetle
  5067 | Lair:2   | Reached skill level 1 in Shields
  5498 | Lair:2   | Reached skill level 5 in Shields
  5566 | Lair:2   | Noticed a four-headed hydra
  5578 | Lair:2   | Killed a four-headed hydra
  5752 | Lair:3   | Reached *** piety under Sif Muna
  5805 | Lair:3   | Found a staircase to the Shoals.
  5836 | Lair:3   | Reached XP level 12. HP: 30/73 MP: 15/24
  5860 | Lair:3   | Found a staircase to the Snake Pit.
  6048 | Lair:3   | Reached skill level 11 in Air Magic
  6083 | Lair:3   | Found a frozen archway.
  6212 | IceCv    | Entered an ice cave
  6226 | IceCv    | Found a transporter.
  6235 | IceCv    | Found a transporter.
  6304 | Lair:3   | Reached skill level 12 in Air Magic
  6677 | Lair:4   | Found a viscous altar of Jiyva.
  6690 | Lair:4   | Found a staircase to the Slime Pits.
  6768 | Lair:4   | Found a runed translucent door.
  6768 | Lair:4   | Found a shimmering altar of Xom.
  6768 | Lair:4   | Noticed Kuerar's ghost (journeyman BaFi)
  6776 | Lair:4   | Noticed a death yak
  6778 | Lair:4   | Noticed a death yak
  6806 | Lair:4   | Killed a death yak
  6807 | Lair:4   | Reached skill level 5 in Armour
  7166 | Lair:5   | Entered Level 5 of the Lair of Beasts
  7241 | Lair:5   | Reached **** piety under Sif Muna
  7310 | Lair:5   | Noticed a catoblepas
  7374 | Lair:5   | Killed a catoblepas
  7556 | Lair:4   | Noticed a death yak
  7556 | Lair:4   | Noticed a death yak
  7625 | Lair:2   | Killed Gastronok
  7626 | Lair:2   | Reached XP level 13. HP: 43/80 MP: 8/26
  7832 | D:9      | Found a sparkling altar of Nemelex Xobeh.
  7849 | D:9      | Noticed Maggie
  7849 | D:9      | Noticed Prince Ribbit
  7856 | D:9      | Killed Maggie
  7860 | D:9      | Killed Prince Ribbit
  8109 | D:10     | Entered Level 10 of the Dungeon
  8200 | D:10     | Found Coedeivo's Jewellery Emporium.
  8250 | D:10     | Reached skill level 1 in Staves
  8255 | D:10     | Reached ***** piety under Sif Muna
  8255 | D:10     | Received a gift from Sif Muna
  8260 | D:10     | Got Sif Muna's Precepts of the Black Widow {god gift}
  8398 | D:10     | Found a hazy altar of Hepliaklqana.
  8411 | D:10     | Found an opulent altar of Gozag.
  8413 | D:10     | Found a broken altar of Ashenzari.
  8413 | D:10     | Found a glowing golden altar of the Shining One.
  8418 | D:10     | Found a burning altar of Makhleb.
  8848 | D:10     | Reached skill level 10 in Fighting
  8927 | D:10     | Noticed Nergalle
  9113 | D:10     | Reached skill level 10 in Dodging
  9113 | D:10     | Reached XP level 14. HP: 19/88 MP: 14/27
  9139 | D:10     | Learned a level 3 spell: Mephitic Cloud
  9412 | D:12     | Reached skill level 10 in Armour
  9525 | D:12     | Noticed Fannar
  9539 | D:12     | Killed Fannar
  9649 | D:12     | Found a staircase to the Orcish Mines.
  9654 | Orc:1    | Entered Level 1 of the Orcish Mines
 10117 | Orc:2    | Entered Level 2 of the Orcish Mines
 10149 | Orc:2    | Received a gift from Sif Muna
 10271 | Orc:2    | Found a shimmering altar of Xom.
 10315 | Orc:2    | Found a staircase to the Elven Halls.
 10456 | Orc:2    | Found Ephakuph's Magic Scroll Shoppe.
 10879 | Shoals:1 | Entered Level 1 of the Shoals
 10887 | Lair:3   | Reached skill level 10 in Spellcasting
 11286 | Lair:5   | Reached XP level 15. HP: 65/92 MP: 4/30
 11465 | Lair:5   | Received a gift from Sif Muna
 11486 | Lair:5   | Learned a level 4 spell: Summon Lightning Spire
 11542 | Lair:5   | Reached skill level 1 in Summonings
 11861 | Snake:1  | Entered Level 1 of the Snake Pit
 12300 | Orc:2    | Found Anuaqoma's Magic Scroll Shoppe.
 12301 | Orc:2    | Found Vosch's Jewellery Shop.
 12301 | Orc:2    | Found Mucloexa's Armour Shop.
 12313 | Orc:2    | Bought a scroll of poison for 68 gold pieces
 12313 | Orc:2    | Bought a scroll of blinking for 127 gold pieces
 12313 | Orc:2    | Bought a scroll of teleportation for 51 gold pieces
 12313 | Orc:2    | Bought a scroll of blinking for 127 gold pieces
 12325 | Orc:2    | Bought a scroll of blinking for 112 gold pieces
 12325 | Orc:2    | Bought a scroll of enchant armour for 112 gold pieces
 12325 | Orc:2    | Bought a scroll of magic mapping for 112 gold pieces
 12325 | Orc:2    | Bought a scroll of blinking for 112 gold pieces
 12325 | Orc:2    | Bought 2 scrolls of identify for 60 gold pieces
 12533 | D:8      | Noticed Grum
 12540 | D:8      | Killed Grum
 12637 | Lair:3   | Reached skill level 10 in Shields
 12911 | Shoals:1 | Reached skill level 13 in Air Magic
 13134 | Shoals:1 | Learned a level 5 spell: Lightning Bolt
 13228 | Shoals:1 | Noticed Kirke
 13233 | Shoals:1 | Received a gift from Sif Muna
 13234 | Shoals:1 | Reached skill level 1 in Throwing
 13236 | Shoals:1 | Got Sif Muna's Guidebook on Bolts and the Squall {god gift}
 13245 | Shoals:1 | Killed Kirke
 13499 | Shoals:2 | Reached skill level 14 in Air Magic
 13731 | Shoals:2 | Noticed Roxanne
 14192 | Shoals:2 | HP: 1/92 [something/ball of steam (34)]
 14595 | Shoals:2 | Noticed Nikola
 14686 | Shoals:2 | Killed Nikola
 14687 | Shoals:2 | Reached skill level 15 in Air Magic
 14687 | Shoals:2 | Reached XP level 16. HP: 93/97 MP: 7/31
 15018 | Shoals:2 | Received a gift from Sif Muna
 15646 | Shoals:3 | Reached skill level 5 in Staves
 15736 | Shoals:3 | Found Tep Fyn's Armour Shoppe.
 15812 | Shoals:4 | Entered Level 4 of the Shoals
 15879 | Shoals:4 | Noticed Polyphemus
 16371 | Shoals:4 | Received a gift from Sif Muna
 16372 | Shoals:4 | Got Sif Muna's Volume of Arcane Weapons {god gift}
 16423 | Shoals:4 | Found Vik Baesch's Weapon Shop.
 16789 | Shoals:4 | Noticed Donald
 17439 | Shoals:4 | Got a barnacled rune of Zot
 17739 | Snake:1  | Reached XP level 17. HP: 59/106 MP: 3/32
 19334 | Snake:2  | Found Heliymutu's General Store.
 19334 | Snake:2  | Found Zuga Ymywurr's Jewellery Boutique.
 19342 | Snake:2  | Received a gift from Sif Muna
 19344 | Snake:2  | Got Sif Muna's Verses on the Cloudy Retinue {god gift}
 19848 | Snake:3  | Noticed Bai Suzhen
 19869 | Snake:3  | Reached skill level 16 in Air Magic
 20084 | Snake:3  | Identified the +4 falchion of Lies {holy, Int+2}
 20398 | Snake:4  | Entered Level 4 of the Snake Pit
 20413 | Snake:4  | Reached skill level 17 in Air Magic
 20604 | Snake:4  | Reached XP level 18. HP: 61/112 MP: 3/35
 20993 | Snake:4  | Reached skill level 18 in Air Magic
 21109 | Snake:4  | Received a gift from Sif Muna
 21112 | Snake:4  | Got Sif Muna's Advanced Steps in Spellcasting {god gift}
 21544 | Snake:4  | Got a serpentine rune of Zot
 21978 | Elf:1    | Entered Level 1 of the Elven Halls
 22178 | Elf:1    | Found Exkaipn's Antique Weapon Shoppe.
 22203 | Elf:1    | Identified the +3 war axe "Soanots" {venom, Dex+6}
 22851 | Elf:2    | Paralysed by an air elemental for 1 turns
 22983 | Elf:3    | Entered Level 3 of the Elven Halls
 23029 | Elf:3    | Reached skill level 15 in Dodging
 23037 | Elf:3    | Learned a level 6 spell: Conjure Ball Lightning
 23134 | Elf:3    | Noticed Louise
 23383 | Elf:3    | Noticed a deep elf blademaster
 23402 | Elf:3    | Killed a deep elf blademaster
 23695 | Elf:3    | Received a gift from Sif Muna
 23698 | Elf:3    | Got Sif Muna's Papyrus of Enchantment {god gift}
 24077 | Elf:3    | Identified the +2 flail "Heiropse" {vorpal, *Corrode +Blink
                  | MP+9 Dex+7}
 24077 | Elf:3    | Identified the ring "Zoarac" {Fire Will- Int+6}
 24119 | Elf:3    | Reached XP level 19. HP: 88/116 MP: 19/38
 24130 | Elf:3    | Learned a level 5 spell: Iskenderun's Battlesphere
 24151 | Elf:3    | Reached skill level 10 in Conjurations
 24210 | Elf:3    | Reached skill level 19 in Air Magic
 24691 | Elf:3    | Identified the +1 scale mail "Feneufun" {rPois Regen+}
 25154 | Elf:3    | Identified the amulet of the Scavenger {Spirit -Cast Harm
                  | +Inv rN++}
 25678 | Elf:3    | Identified the +1 pair of boots of Uskayaw's Whim {rPois
                  | MP+9 Dex+7}
 25717 | Elf:3    | Learned a level 8 spell: Maxwell's Capacitive Coupling
 25866 | Elf:1    | Noticed Heg Cuhi's ghost (adept MiFi)
 25867 | Elf:1    | Found a runed translucent door.
 25906 | Elf:1    | Noticed an Ice Fiend
 26088 | Elf:1    | Noticed a Tzitzimitl
 26391 | Orc:2    | Bought a ring of protection from fire for 325 gold pieces
 26517 | D:13     | Reached skill level 20 in Air Magic
 26556 | D:13     | Noticed Rupert
 26573 | D:13     | Killed Rupert
 26758 | D:13     | Received a gift from Sif Muna
 26761 | D:13     | Got Sif Muna's Monograph on the Birds {god gift}
 26778 | D:13     | Found a gate to the Vaults.
 27536 | D:15     | Entered Level 15 of the Dungeon
 27639 | D:15     | Found a staircase to the Depths.
 28126 | D:13     | Reached XP level 20. HP: 75/122 MP: 21/39
 28225 | Vaults:1 | Entered Level 1 of the Vaults
 28251 | Vaults:1 | Reached skill level 15 in Spellcasting
 28275 | Vaults:1 | Received a gift from Sif Muna
 28276 | Vaults:1 | Reached skill level 21 in Air Magic
 28784 | Vaults:1 | Reached skill level 15 in Conjurations
 29315 | Vaults:2 | Received a gift from Sif Muna
 29316 | Vaults:2 | Reached skill level 22 in Air Magic
 29321 | Vaults:2 | Got Sif Muna's Writings on Grounded Calefaction {god gift}
 29369 | Vaults:2 | Noticed a bone dragon
 29370 | Vaults:2 | Found a staircase to the Crypt.
 29406 | Vaults:2 | Killed a bone dragon
 29923 | Vaults:2 | Killed from afar by an ironbound frostheart

Illustrated notes

Levels and vault maps discovered:
D:1:      psy_arrival_radial02, layout_basic,
          nicolae_concentric_dashed_squares_mild
D:2:      layout_basic, minmay_misc_feat_chi
D:3:      layout_basic, nrook_mini_backslash, grunt_decor_mini_mirrors,
          uniq_natasha, uniq_grinder
D:4:      layout_layer_cave
D:5:      layout_cave_pools, lemuel_temple_firewalk_b
D:6:      layout_basic, due_unseen_surprise
D:7:      layout_cave_pools, enter_bailey_2
D:8:      layout_layer_cave, mainiacjoe_overflow_catwalk, fedhas_altar_4,
          lemuel_round_altar, david_lair_shrubbed, enter_ossuary_3, uniq_grum,
          uniq_psyche
D:9:      layout_cave_pools, mainiacjoe_overflow_small_starburst, uniq_maggie,
          uniq_prince_ribbit1
D:10:     layout_roguey [special_room_kobold],
          nicolae_overflow_hallway_of_the_gods, serial_shops,
          nicolae_shop_waterfront, hangedman_abyss_or_decor_passed,
          minmay_librarian, uniq_nergalle
D:11:     minmay_slanted_spiral_squares, layout_basic,
          hangedman_abyss_or_decor_stagger, uniq_harold
D:12:     layout_roguey, orc_0_dummy, uniq_azrael, uniq_fannar
D:13:     layout_basic, skrybe_vaults_entry_preservation, uniq_rupert
D:14:     layout_loops_ring, kennysheep_another_room
D:15:     hangedman_depths_entry_civil_slaughter, layout_basic, serial_shops,
          nicolae_shop_statue_plus
Temple:   hellmonk_temple_divided_pantheon
Lair:1:   layout_cave_pods, ebering_ghost_xom, minmay_hedge_maze, st_stairs_7,
          grunt_megastairs_5
Lair:2:   layout_cave_pods, uniq_gastronok
Lair:3:   layout_gridlike, minmay_shoals_entry_centaurs,
          guppyfry_snake_entry_garden, portal_ice_cave_demonic_guard
Lair:4:   layout_regular_city, minmay_slime_entry_jelly_boxes,
          ebering_ghost_xom, serial_bayou_shore_b, infiniplex_staircase_pool_2
Lair:5:   minmay_lair_end_frog_pond, layout_layer_cave
Shoals:1: nicolae_shoals_island_circles, layout_shoals, uniq_kirke
Shoals:2: cheibrodos_shoals_three_sisters, layout_shoals,
          nicolae_shoals_drake_roost, uniq_roxanne, uniq_nikola
Shoals:3: layout_shoals, serial_shops, shop, nicolae_shoals_lost_giant_pillars
Shoals:4: shoals_end_grunt_ice, layout_shoals, serial_shops,
          nicolae_shop_bloodbath_and_beyond, uniq_donald, uniq_polyphemus
Snake:1:  layout_misc_corridors
Snake:2:  layout_misc_corridors, grunt_ministairs_14, minmay_shoptagon
Snake:3:  layout_layer_cave, uniq_bai_suzhen
Snake:4:  grunt_snake_rune_spirals, layout_onion_interference,
          nrook_guardian_serpent_double
Orc:1:    layout_diamond_mine
Orc:2:    st_orc_elflike, layout_caves, lemuel_statue_altar
Elf:1:    layout_loops_ring, serial_shops, nicolae_take_the_stairs,
          hellmonk_ghost_happy_afterlife, minivault_28,
          serial_sigils_hangedman_confine
Elf:2:    nicolae_elf_blades_crystal_corner, layout_loops_corners, uniq_jorgrun,
          uniq_saint_roka, uniq_asterion
Elf:3:    elf_hall, layout_geoelf_octagon, corexii_hall_statues_s, drop_trap,
          uniq_louise
Vaults:1: nicolae_vaults_angled_halls, hangedman_vaults_capsules,
          vaults_room_corners, vaults_mumra_hexcomb,
          nicolae_vaults_circle_grid_b, v_misc_16, v_misc_28,
          vaults_room_guarded_vault, hangedman_vaults_stream,
          nicolae_vaults_specimen_jars, ontoclasm_vaults_ligature,
          vaults_room_pool, layout_vaults_omnigrid
Vaults:2: hangedman_vaults_snaps, vaults_dpeg_hooks,
          nicolae_vaults_ninety_degrees, v_alt_pattern_1,
          minmay_crypt_entry_nasty_monster, nicolae_vaults_twisting_passages,
          ontoclasm_vaults_fault, vaults_room_fours, v_misc_4,
          nicolae_vaults_sealed_display, ontoclasm_vaults_shuriken, v_misc_17,
          layout_vaults_big_cross

Skill      XL: |  1  2  3  4  5  6  7  8  9 10 11 12 13 14 15 16 17 18 19 20 |
---------------+-------------------------------------------------------------+-----
Fighting       | 1 2 3 4 5 6 7 8 10 12 | 12.0
Conjurations   | 2 3 5 8 9 13 17 | 17.4
Air Magic      | 5 6 8 10 12 15 17 18 20 22 | 22.0
Armour         | 1 2 4 7 9 10 12 | 12.0
Evocations     | 1 2 5 |  5.0
Spellcasting   | 3 5 6 7 8 10 12 14 15 | 15.0
Dodging        | 4 5 6 7 9 10 11 12 14 15 | 15.0
Stealth        | 3 4 |  4.0
Invocations    | 5 6 8 |  8.0
Shields        | 6 7 8 10 | 10.0
Staves         | 3 4 6 |  6.0
Summonings     | 2 |  2.0
Throwing       | 1 |  1.0

Action                   |  1- 3 |  4- 6 |  7- 9 | 10-12 | 13-15 | 16-18 | 19-21 || total
-------------------------+-------+-------+-------+-------+-------+-------+-------++-------
Melee: Dagger            |    29 |    37 |    67 |    69 |     4 |       |       ||   206
       Kick              |     7 |     9 |    25 |    46 |    64 |    96 |    89 ||   336
       Peck              |     2 |     8 |    13 |    29 |    42 |    70 |    66 ||   230
       Punch             |       |     2 |     1 |       |       |       |       ||     3
       Falchion          |       |       |    15 |    37 |    12 |       |       ||    64
       Staff             |       |       |       |       |   160 |   219 |   183 ||   562
Throw: Dart              |       |     3 |     9 |    36 |     6 |    16 |     7 ||    77
       Throwing net      |       |       |       |       |     1 |       |       ||     1
       Boomerang         |       |       |       |       |     1 |       |       ||     1
 Cast: Shock             |    30 |    47 |   109 |   126 |    86 |   125 |    51 ||   574
       Static Discharge  |       |     2 |     3 |    26 |   193 |   225 |    87 ||   536
       Swiftness         |       |     1 |       |     2 |     3 |     1 |     1 ||     8
       Airstrike         |       |       |    16 |   134 |   161 |   177 |   105 ||   593
       Summon Lightning  |       |       |       |       |    24 |   109 |    70 ||   203
       Lightning Bolt    |       |       |       |       |     5 |    48 |    40 ||    93
       Mephitic Cloud    |       |       |       |       |     4 |     9 |       ||    13
       Conjure Ball Ligh |       |       |       |       |       |       |    13 ||    13
       Iskenderun's Batt |       |       |       |       |       |       |     1 ||     1
       Maxwell's Capacit |       |       |       |       |       |       |     9 ||     9
Invok: Channel Magic     |       |       |       |     7 |    10 |    15 |     6 ||    38
Evoke: Wand              |       |     2 |     5 |    24 |    16 |    13 |       ||    60
       Phial of floods   |       |       |       |       |       |     1 |       ||     1
  Use: Scroll            |       |     6 |     7 |    12 |    15 |    12 |    14 ||    66
       Potion            |       |       |       |     5 |     6 |     5 |     8 ||    24
 Stab: Sleeping          |     2 |     4 |       |     1 |     1 |     2 |     2 ||    12
       Paralysed         |       |       |     4 |    13 |       |       |       ||    17
       Distracted        |       |       |       |       |     1 |     5 |    11 ||    17
       Confused          |       |       |       |       |       |     1 |       ||     1
Armor: Robe              |     8 |     8 |    19 |    43 |     1 |       |       ||    79
       Swamp dragon scal |       |       |       |       |    93 |    77 |    58 ||   228
Dodge: Dodged            |    26 |    25 |   111 |   150 |   343 |   472 |   210 ||  1337
Block: Buckler           |       |       |    14 |    49 |   135 |   154 |       ||   352
       Kite shield       |       |       |       |       |       |   151 |   316 ||   467
       Reflection        |       |       |       |       |       |    46 |    50 ||    96
